 Dungeon Crawl Stone Soup version 0.31.0-11-ge490571c62 (webtiles) character file.

Game seed: 14197284654531259231

201 qw the Skirmisher (level 5, -1/29 HPs)
             Began as a Deep Elf Hunter on Feb 3, 2024.
             Slain by an orc wizard
             ... wielding a +0 dagger
              (2 damage)
             ... on level 3 of the Dungeon.
             The game lasted 00:00:08 (2302 turns).

qw the Skirmisher (Deep Elf Hunter)                 Turns: 2302, Time: 00:00:09

Health: -1/29      AC:  5    Str: 10    XL:     5   Next: 50%
Magic:  7/7        EV: 11    Int: 14    God:
Gold:   89         SH:  0    Dex: 18    Spells: 4/4 levels left

rFire   . . .        a - +0 shortbow
rCold   . . .        (shield currently unavailable)
rNeg    . . .        m - +0 ring mail
rPois   .            (no helmet)
rElec   .            (no cloak)
rCorr   .            (no gloves)
SInv    .            (no boots)
Will    .....        (no amulet)
Stlth   +            (no ring)
HPRegen 0.24/turn    (no ring)
MPRegen 0.10/turn

%: no passive effects
@: no status effects
A: no striking features
a: no special abilities


You were on level 3 of the Dungeon.
You visited 1 branch of the dungeon, and saw 3 of its levels.

You collected 89 gold pieces.


   Skills:
 + Level 1.5 Fighting
 - Level 9.0 Ranged Weapons
 - Level 2.4 Dodging
 - Level 1.2 Stealth


You had 4 spell levels left.
You didn't know any spells.
Your spell library was empty.

Inventory:

Hand Weapons
 a - a +0 shortbow (weapon)
Armour
 m - a +0 ring mail (worn)
Wands
 i - a wand of paralysis (5)
Potions
 e - 3 potions of curing
 f - a potion of might
 g - a potion of brilliance {unknown}
 h - a potion of experience {unknown}
 j - a potion of enlightenment {unknown}
 l - a potion of resistance {unknown}

Dungeon Overview and Level Annotations

Branches:
Dungeon (3/15)

Altars:
Vehumet


Message History

The orc wizard gestures at you while chanting.
The puff of flame hits you. The adder bites you but does no damage.
You shoot an arrow. The arrow hits the orc wizard!
You kill the orc wizard!
The adder bites you but does no damage.
Your Ranged Weapons skill increases to level 9!
You shoot an arrow.
The arrow hits the adder but does no damage.
The adder bites you. The adder completely misses you.
You shoot an arrow. The arrow hits the adder.
The adder is lightly wounded.
The adder closely misses you.
You shoot an arrow.
The arrow hits the adder but does no damage.
The adder is lightly wounded.
The adder bites you but does no damage.
You shoot an arrow. The arrow barely misses the adder.
The adder closely misses you. The adder barely misses you.
You shoot an arrow. The arrow misses the adder.
The adder closely misses you.
You shoot an arrow. The arrow closely misses the adder.
The adder bites you. The adder bites you but does no damage.
You shoot an arrow. The arrow closely misses the adder.
The adder bites you but does no damage.
You shoot an arrow. The arrow barely misses the adder.
The adder bites you.
You are poisoned.
The adder poisons you!
You shoot an arrow.
You feel sick.
You shoot an arrow.
You feel sick. Something hits you.
You shoot an arrow. The arrow hits the adder!
The adder is almost dead.
You feel sick.
You are no longer poisoned.
Something hits you.
You shoot an arrow. The arrow barely misses the adder.
Something hits you.
You die... #. #. #. ). ###. .SJ

######)#############
......)@...........>
##..........########
....##......# .#.
#......# #......#
##.###.#
.##.....############
....................
.#.#################


You could see an adder and an endoplasm.

Vanquished Creatures
  An orc priest (D:3)
  Jessica (D:2)
  An orc wizard (D:3)
  3 gnolls (D:2)
  3 adders
  2 dart slugs
  An orc (D:3)
  9 ball pythons
  7 endoplasms
  3 giant cockroaches (D:2)
  7 goblins
  8 hobgoblins
  A quokka (D:2)
  7 bats
  A frilled lizard (D:2)
  5 kobolds
  2 rats
62 creatures vanquished.

Notes
Turn   | Place    | Note
-------+----------+-------------------------------------------
     0 | D:1      | qw the Deep Elf Hunter began the quest for the Orb.
     0 | D:1      | Reached XP level 1. HP: 12/12 MP: 3/3
     0 | D:1      | 0 ||| qw: Version: 0.3-a-157-g843a77d
     0 | D:1      | 0 ||| qw: Game counter: 3821
     0 | D:1      | 0 ||| qw: Melee chars always use a shield: true
     0 | D:1      | 0 ||| qw: God list: Okawaru
     0 | D:1      | 0 ||| qw: Allow faded altars: false
     0 | D:1      | 0 ||| qw: Do Orc after clearing Dungeon:15 true
     0 | D:1      | 0 ||| qw: Do second Lair branch before Depths: true
     0 | D:1      | 0 ||| qw: Lair rune preference: random
     0 | D:1      | 0 ||| qw: Goals: Normal
     0 | D:1      | 0 ||| PLANNING D:1-11
    90 | D:1      | Reached XP level 2. HP: 16/16 MP: 4/4
   105 | D:1      | Reached skill level 6 in Ranged Weapons
   582 | D:1      | HP: 4/16 [ball python (2)]
   839 | D:1      | 839 ||| UPGRADING to +0 scale mail.
   849 | D:1      | 849 ||| DROPPING +0 leather armour.
   850 | D:1      | 850 ||| DROPPING amulet of magic regeneration.
   851 | D:1      | 851 ||| READING scroll labelled AFESTR YKLENIRER.
   851 | D:1      | 851 ||| IDENTIFYING white potion
   852 | D:1      | 852 ||| READING scroll labelled MOROXA ISURGHI.
   882 | D:1      | 882 ||| READING scroll labelled KYSOME SIEBOH.
   883 | D:1      | 883 ||| DROPPING scroll of butterflies.
   943 | D:2      | 943 ||| FLEEEEING.
  1010 | D:2      | Reached XP level 3. HP: 20/20 MP: 5/5
  1164 | D:2      | Reached skill level 7 in Ranged Weapons
  1184 | D:2      | 1184 ||| FLEEEEING.
  1185 | D:2      | 1185 ||| FLEEEEING.
  1186 | D:2      | 1186 ||| FLEEEEING.
  1187 | D:2      | 1187 ||| FLEEEEING.
  1188 | D:2      | 1188 ||| FLEEEEING.
  1189 | D:2      | 1189 ||| FLEEEEING.
  1190 | D:2      | 1190 ||| FLEEEEING.
  1191 | D:2      | 1191 ||| FLEEEEING.
  1197 | D:2      | 1197 ||| FLEEEEING.
  1198 | D:2      | 1198 ||| FLEEEEING.
  1199 | D:2      | 1199 ||| FLEEEEING.
  1200 | D:2      | 1200 ||| FLEEEEING.
  1201 | D:2      | 1201 ||| FLEEEEING.
  1203 | D:2      | Reached XP level 4. HP: 20/25 MP: 6/6
  1682 | D:2      | Noticed Jessica
  1684 | D:2      | Killed Jessica
  1685 | D:2      | Reached skill level 8 in Ranged Weapons
  1831 | D:2      | 1831 ||| UPGRADING to +0 ring mail.
  1841 | D:2      | 1841 ||| DROPPING +0 scale mail.
  1842 | D:2      | 1842 ||| READING 2 scrolls of identify.
  1842 | D:2      | 1842 ||| IDENTIFYING ruby potion
  1843 | D:2      | 1843 ||| READING scroll of identify.
  1843 | D:2      | 1843 ||| IDENTIFYING yellow potion
  1844 | D:2      | 1844 ||| READING scroll labelled PEPEMOSEUS.
  1981 | D:3      | 1981 ||| PLANNING SEWER
  1981 | D:3      | Found a radiant altar of Vehumet.
  2046 | D:3      | Found a faded altar of an unknown god.
  2218 | D:3      | Reached XP level 5. HP: 29/29 MP: 7/7
  2282 | D:3      | HP: 3/29 [orc priest/+0 hand axe (7)]
  2283 | D:3      | 2283 ||| DRINKING potion of heal wounds.
  2291 | D:3      | Reached skill level 9 in Ranged Weapons
  2298 | D:3      | HP: 7/29 [adder (3)]
  2301 | D:3      | HP: 2/29 [poisoned by an adder]
  2302 | D:3      | Slain by an orc wizard

Levels and vault maps discovered:
D:1:      zelgadis_glass_arrival_small, layout_basic
D:2:      layout_loops_corners, uniq_jessica
D:3:      layout_basic, mainiacjoe_overflow_concentric_impassable,
          portal_sewer_entry_d, hellmonk_ecumenical_altar_arch_garden

Skill      XL: |  1  2  3  4  5 |
---------------+----------------+-----
Ranged Weapons | 6 7 8 9 |  9.0
Fighting       | |  1.5
Dodging        | |  2.4
Stealth        | |  1.2

Action                     |  1- 3 |  4- 6 || total
---------------------------+-------+-------++-------
   Fire: Shortbow          |   101 |   106 ||   207
    Use: Scroll            |     3 |     3 ||     6
         Potion            |       |     1 ||     1
 Armour: Leather armour    |    13 |       ||    13
         Scale mail        |    20 |    13 ||    33
         Ring mail         |       |    29 ||    29
  Dodge: Dodged            |    13 |    38 ||    51

Table legend:
 A = Non-vault XP
 B = Vault XP
 C = Vault XP percentage of total XP
 D = Non-vault monster count
 E = Vault monster count
 F = Vault count percentage of total count
                 A         B        C        D         E       F
            +---------+---------+-------+---------+---------+-------
      Total |     251 |      37 |  12.8 |      61 |       1 |   1.6
            +---------+---------+-------+---------+---------+-------
        D:1 |      37 |       0 |   0.0 |      23 |       0 |   0.0
        D:2 |      94 |      37 |  28.2 |      25 |       1 |   3.8
        D:3 |     120 |       0 |   0.0 |      13 |       0 |   0.0
            +---------+---------+-------+---------+---------+-------
